[Event "GER-ch Youth-U18 2022"]
[Site "Willingen"]
[Date "2022.06.10"]
[Round "8.6"]
[White "Hassemeier, Mika"]
[Black "Weihrauch, Jakob"]
[Result "1/2-1/2"]
[ECO "B23"]
[WhiteElo "2127"]
[BlackElo "2139"]
[Annotator "TA"]
[PlyCount "126"]
[EventDate "2022.06.05"]
[EventType "swiss"]
[EventRounds "9"]
[EventCountry "GER"]
[SourceTitle "playchess.com"]
[Source "ChessBase"]
[SourceQuality "1"]
[TimeControl "40/4500+30:900+30"]

1. e4 c5 2. Nc3 a6 3. g3 b5 4. Bg2 Bb7 5. d3 e6 6. f4 b4 {[%emt 0:00:00] B23: Closed Sicilian: Lines without g3.} 7. Nce2 d5 8. e5 Nh6 9. Nf3 Nc6 10. O-O {[%emt 0:00:00] [#]} Qb6 $146 ({Predecessor:} 10... Nf5 11. g4 Nh4 12. Nxh4 Qxh4 13. Ng3 O-O-O 14. a3 f6 15. axb4 cxb4 16. d4 h5 17. gxh5 fxe5 18. dxe5 {1-0 (35) Hess,R (2591)-Pushkarev,D (2379) Chess.com INT 2020}) 11. c3 Be7 12. d4 a5 13. Bh3 Ba6 14. Be3 cxd4 (14... bxc3 {keeps more tension.} 15. bxc3 cxd4 16. Nfxd4 Nxd4 17. Bxd4 Bc5) 15. cxd4 Nf5 16. Bf2 h5 17. Re1 g6 18. Bxf5 exf5 19. Nc1 (19. e6 $5) 19... Nd8 20. Nb3 Ne6 21. Rc1 (21. Nc5 {is interesting.} Qb5 22. a3 O-O 23. axb4 Qxb4 24. Ra4) 21... O-O 22. Nc5 Rfc8 23. Nxa6 {[%emt 0:01:58][%cal Oa6c5] Strongly threatening Nc5!} Qxa6 24. Qa4 {[%emt 0:04:24] [#]} ({White should try} 24. Rxc8+ $15 Rxc8 25. Be3) 24... Rc4 (24... Rxc1 $1 $17 25. Rxc1 Qe2) 25. Qd7 {[%emt 0:01:40] [#]} Qc8 $1 26. Qxc8+ Raxc8 27. Rxc4 ({White should play} 27. Be3 $11) 27... Rxc4 $15 28. Kf1 {[%emt 0:05:04] [#]} Bd8 ({Reject} 28... Rc2 $6 29. Re2 Rc7 30. Ne1 $11) (28... g5 $1 $17) 29. Rd1 a4 30. Ke2 Ba5 31. Be3 b3 32. axb3 Rc2+ 33. Kd3 axb3 34. Bd2 Bxd2 35. Rxd2 $11 {[%emt 0:00:34][%mdl 4096] Endgame KRN-KRN} Rc1 36. Ke3 Rb1 $1 37. Re2 Nc7 38. Kd3 Nb5 $1 39. Ng5 Rd1+ 40. Rd2 Rc1 ({Resist} 40... Rxd2+ 41. Kxd2 Nxd4 42. Kd3 $16) 41. Nf3 Na7 42. Re2 Nc6 43. Nd2 Na5 44. e6 fxe6 45. Rxe6 Kf7 46. Ra6 Nc4 {[%emt 0:00:13] aiming for ...Rd1.} 47. Nxb3 Nxb2+ 48. Ke2 Rc2+ 49. Kf1 $1 Nc4 50. Ra7+ Kg8 51. Nc5 Nd2+ 52. Ke2 Ne4+ 53. Ke3 Rxh2 {[%emt 0:02:29] Hoping for ...Rg2.} 54. Ne6 Nxg3 55. Rg7+ Kh8 {[%emt 0:00:00] And now ...Re2+ would win.} 56. Rxg6 Ne4 57. Ng5 {[%emt 0:01:04] The position is equal.} h4 58. Nf3 Kh7 59. Rg1 Rh3 {[%emt 0:00:30][%cal Oe4d2] Threatens to win with ...Nd2!} 60. Ke2 {[%emt 0:00:04] Against Nd2} Rg3 61. Rxg3 hxg3 62. Nh4 Kg8 63. Kf3 Nd6 {[%emt 0:00:25] Weighted Error Value: White=0.07 (flawless) /Black=0.07 (flawless)} 1/2-1/2

[Event "GER-ch Youth-U18 2022"]
[Site "Willingen"]
[Date "2022.06.10"]
[Round "8.7"]
[White "Haack, Kevin"]
[Black "Leonard, Timo"]
[Result "0-1"]
[ECO "D10"]
[WhiteElo "2176"]
[BlackElo "2018"]
[Annotator "TA"]
[PlyCount "120"]
[EventDate "2022.06.05"]
[EventType "swiss"]
[EventRounds "9"]
[EventCountry "GER"]
[SourceTitle "playchess.com"]
[Source "ChessBase"]
[SourceQuality "1"]
[TimeControl "40/4500+30:900+30"]

1. d4 d5 2. c4 c6 3. cxd5 cxd5 4. Nc3 Nf6 5. Nf3 Nc6 6. e3 a6 $1 {[%emt 0:00:00][%mdl 4] outshines the older 6...e6.} 7. Ne5 {[%emt 0:00:00] D15: Slav Defence: 4 Nc3 a6 and gambit lines after 4 Nc3 dxc4.} e6 8. f4 Bd7 9. Bd3 {[%emt 0:00:00] The position is equal.} Rc8 10. O-O {[%emt 0:00:38] [#]} Be7 $146 ({Predecessor:} 10... Bb4 11. Bd2 O-O 12. Qf3 Na5 13. g4 Bxc3 14. Bxc3 Bb5 15. Bxb5 axb5 16. f5 Nc4 {0-1 (48) Labussiere,V (2332)-Sturt,R (2481) Florianopolis 2021}) 11. Bd2 O-O 12. Be1 Na5 (12... Nb4 $11) 13. Rf3 Nc4 14. Rh3 {[%emt 0:02:11][%cal Od3h7] Threatens to win with Bxh7+!} g6 $1 (14... Nxb2 $2 15. Bxh7+ $1 Kh8 16. Qb1 $18) 15. Qe2 b5 16. Nd1 Ne4 17. Nxc4 bxc4 18. Bxe4 dxe4 19. g4 c3 (19... f5 $11) 20. Nxc3 $14 Rb8 (20... Qb6 $14) 21. Rg3 (21. Qxa6 $6 Rxb2 22. Rd1 Qc8 23. Qxc8 Rxc8 $11) 21... Qb6 22. Rg2 Rfc8 23. g5 (23. Nxe4 $2 Bc6 24. Nf2 Bxg2 25. Kxg2 Qxb2 26. Qxb2 Rxb2 $19) 23... a5 (23... h5 $14) 24. a3 (24. Nxe4 $2 Bc6 25. Nf2 Bxg2 26. Kxg2 Qxb2 27. Qxb2 Rxb2 28. Bxa5 Rcc2 $17) 24... Rc7 (24... Bb5 $142 25. Qxb5 (25. Nxb5 Qxb5 26. Qxb5 Rxb5 $16) 25... Qxb5 26. Nxb5 Rxb5) 25. h4 $16 ({Stronger than} 25. Nxe4 Bc6 26. Qc2 Qb7 27. Bxa5 (27. d5 $2 Bxd5 28. Nc3 Bxg2 $19) 27... Bxe4 28. Qxc7 Bxg2 29. Qxb7 Bxb7 $17) 25... Rcb7 26. Nd1 ({Resist} 26. Nxe4 $6 Qd8 $14) ({White should try} 26. Rc1 $1 $16) 26... Bb5 $14 27. Qf2 Bd3 (27... Ba4 $14) 28. h5 $1 $16 Qb5 29. Bc3 (29. Qh4 $16) 29... Qf5 (29... gxh5 $14 30. d5 Qa6) 30. Qh4 e5 (30... f6 $16 {might work better.}) 31. hxg6 fxg6 32. Rh2 $2 (32. dxe5 $18 {and the rest is easy.} a4 33. Qg3 (33. Rh2 h5 $16)) 32... Bd8 (32... exf4 $16 33. exf4 (33. Qxh7+ Kf8 $14) 33... Qf7) 33. dxe5 $18 Bb6 34. Qg3 Rf8 35. Rf2 Rd7 {[%emt 0:00:38] [#]} 36. Bd4 $1 Bxd4 (36... Rxd4 {is a better defense.} 37. exd4 Bxd4) 37. exd4 Rxd4 38. Ne3 Qc8 39. Kg2 $2 (39. Ng4 $18) 39... Rf7 $2 (39... Bb5 $16 {was worth a try.}) 40. Rh1 Ba6 {[%emt 0:02:45] [#]} 41. Re1 $2 (41. f5 $1 $18 {e6 is the strong threat.} Rxf5 42. Nxf5 gxf5 43. Qh3) 41... Bb7 $14 42. Kh2 (42. Qh3 $5 ) 42... Rd3 43. Qh4 Qc6 44. Rc2 Qb6 45. Rce2 Qe6 46. Ng4 $2 (46. Rc1 $11) 46... Rxf4 $19 47. Nf6+ {[%emt 0:04:08] [#]} Qxf6 $3 48. Qxh7+ Kxh7 49. gxf6 Rh4+ 50. Kg1 Rg3+ 51. Kf2 Rf3+ 52. Kg1 Rf5 (52... e3 $142 53. Rxe3 Rff4 54. Rf3 Rxf3 55. Re2 Rf5 56. Rg2 Bxg2 57. Kxg2 Kh6 58. f7 Kh5 59. f8=Q Rxf8 60. Kg1 Kg5 61. e6 Rg4+ 62. Kh2 Rh8#) 53. Rc1 Rg4+ {[%emt 0:00:48] Black mates.} 54. Rg2 Rxg2+ 55. Kxg2 {[%emt 0:00:04] KRB-KR} e3+ 56. Kg3 e2 57. f7 Rxf7 58. Re1 Ba6 59. e6 Re7 60. b4 Rxe6 {[%emt 0:00:12] Black used his chance.  Weighted Error Value: White=0.58/Black=0.36} 0-1

[Event "GER-ch Youth-U18 2022"]
[Site "Willingen"]
[Date "2022.06.10"]
[Round "8.8"]
[White "Muller, Magnus"]
[Black "Jeschke, Jan"]
[Result "0-1"]
[ECO "A45"]
[WhiteElo "1464"]
[BlackElo "2130"]
[Annotator "TA"]
[PlyCount "84"]
[EventDate "2022.06.05"]
[EventType "swiss"]
[EventRounds "9"]
[EventCountry "GER"]
[SourceTitle "playchess.com"]
[Source "ChessBase"]
[SourceQuality "1"]
[TimeControl "40/4500+30:900+30"]

1. d4 Nf6 2. Nc3 d5 3. Bf4 Bf5 4. e3 e6 5. Nf3 Bd6 6. Ne5 {[%emt 0:00:00] D02: 1 d4 d5 2 Nf3 sidelines, including 2...Nf6 3 g3 and 2...Nf6 3 Bf4.} a6 7. h3 {[%emt 0:00:00][%cal Bh2h3,Bh3h4][%mdl 32] [#]} c5 $146 (7... Bxe5 $11 8. Bxe5 (8. dxe5 Nfd7 $11) 8... O-O) ({Predecessor:} 7... Ne4 8. Bd3 O-O 9. g4 Nxc3 10. bxc3 Bxd3 11. Nxd3 Qe7 12. h4 Nd7 13. Bxd6 Qxd6 {0-1 (69) Neumann,A-Bardo,K Schleswig Holstein 1991}) 8. g4 {[%emt 0:00:00] White is slightly better.} Bg6 9. h4 (9. Nxg6 hxg6 10. Qf3 Bxf4 11. Qxf4 cxd4 12. exd4 Nbd7 $15) 9... h6 (9... cxd4 $11 {keeps the balance.} 10. exd4 (10. Nxg6 hxg6 11. Bxd6 dxc3 $17) 10... h6) 10. Nxg6 $16 fxg6 11. Bd3 Bxf4 12. Bxg6+ (12. exf4 $6 O-O $11) 12... Ke7 13. exf4 cxd4 14. Qxd4 Nc6 15. Qc5+ (15. Qd3 $16) 15... Qd6 $1 $14 16. Qxd6+ (16. Qb6 Nd7 17. Qb3 (17. Qxb7 $2 Rhb8 $19) 17... Nd4 $17) 16... Kxd6 17. f3 Rhf8 ({Black should try} 17... Ne7 $14 18. Bd3 h5) 18. O-O-O $16 Nd7 19. Ne2 Rac8 20. Rhe1 b5 21. f5 e5 22. f4 Nb4 (22... Ne7 $142) 23. c3 e4 {[%emt 0:00:37] [#]} 24. Nd4 $1 Nd3+ {[%emt 0:01:26] [#]} 25. Rxd3 $1 exd3 26. Re6+ {[%emt 0:00:36][%mdl 64] Skewer} Kc7 27. Rxa6 {[%emt 0:00:14] Strongly threatening Ne6+.} Nf6 28. Kd2 $2 (28. Rc6+ $18 Kb8 29. Rb6+ Kc7 30. Rxb5) 28... Ne4+ $11 29. Ke3 b4 (29... d2 $5 30. Ke2 b4 31. Rc6+ (31. cxb4 $2 Kb7 $19) 31... Kd7 32. Rxc8 Rxc8 $11) 30. Re6 ({Don't blunder} 30. cxb4 $2 d2 31. Ke2 Kb7 $19) (30. Rc6+ Kb7 31. Rxc8 Rxc8 32. Kxd3 bxc3 33. bxc3 Nf2+ 34. Kc2 Nxg4 $17) (30. Ne6+ $1 $14 Kb7 31. Ra5 bxc3 32. bxc3 (32. Nxf8 $2 c2 $19) 32... Rxc3 33. Rxd5 (33. Nxf8 d2+ 34. Ke2 d4 $19)) 30... d2 31. Ke2 bxc3 32. bxc3 Rb8 $36 {[%emt 0:06:42][%mdl 2048] ( -> ...Rb1). Black fights for an advantage.} 33. Rxe4 $1 dxe4 34. Kxd2 (34. Ne6+ $11 Kc6 35. Kxd2 (35. Nxf8 Rd8 $17)) 34... Kd6 $17 35. Ke3 Rfc8 36. Kxe4 $2 (36. Ne2 $17) 36... Rxc3 $19 {[%emt 0:00:28] And now ...Rb4 would win.} 37. f6 gxf6 {[%emt 0:00:29] aiming for ...Rb4.} 38. Bf7 (38. Nf5+ $142 Ke6 39. Kd4) 38... Rb4 {[%emt 0:00:50] White must now prevent ...Kc5.} 39. Kf5 Rxd4 {[%emt 0:00:09] Black mates.} 40. Bh5 Ke7 41. Kg6 Rxf4 42. Kxh6 Rh3 {[%emt 0:03:00] Never resign too early!  Weighted Error Value: White=0.65/Black=0.18 (very precise)} 0-1

[Event "GER-ch Youth-U18 2022"]
[Site "Willingen"]
[Date "2022.06.10"]
[Round "8.9"]
[White "Zackrisson, Peter"]
[Black "Weidemann, Jakob"]
[Result "1-0"]
[ECO "B40"]
[WhiteElo "2015"]
[BlackElo "2047"]
[Annotator "TA"]
[PlyCount "57"]
[EventDate "2022.06.05"]
[EventType "swiss"]
[EventRounds "9"]
[EventCountry "GER"]
[SourceTitle "playchess.com"]
[Source "ChessBase"]
[SourceQuality "1"]
[TimeControl "40/4500+30:900+30"]

1. e4 c5 2. Nf3 e6 3. g3 Nc6 4. Bg2 Nf6 5. Qe2 e5 6. O-O {[%emt 0:00:00] B40: Sicilian: 2...e6, Unusual lines.} Be7 7. c3 O-O 8. Na3 $1 {[%emt 0:00:00][%cal Bb1a3,Ba3c4,Bc4e5,Be5f7,Bf7h6][%mdl 32] The position is equal. The main line 8.Na3 scores better than 8.Rd1.} Re8 9. Nc4 Bf8 10. d3 h6 {[%emt 0:00:00] Prevents Bg5.} (10... d5 {with more complications.} 11. exd5 Nxd5 12. Qe4 Nf6) 11. a4 d5 12. exd5 Nxd5 ({Better is} 12... Qxd5 $11 13. Be3 Qd7) 13. Nfxe5 $14 (13. Ncxe5 Qd6 14. Re1 Nxe5 15. Nxe5 f6 $15) 13... Nxe5 14. Nxe5 f6 15. Nf7 {[%emt 0:00:00] White is more active.} Qd7 {[%emt 0:14:31] [#] This costs Black the game.} (15... Rxe2 $2 16. Nxd8 Nc7 17. Bf3 $18 (17. Nxb7 Bg4 $18) (17. Bxb7 Bxb7 18. Nxb7 a5 $16)) (15... Nxc3 $16 16. bxc3 Kxf7 17. Qh5+ g6) 16. Nxh6+ $1 $18 Kh8 17. Qh5 {[%emt 0:01:32] [#]} gxh6 $146 ({Predecessor:} 17... Re5 18. Nf7+ {½-½ (18) Bucher,G (2107)-Coathup,R (2152) Daventry 2020}) 18. Qxd5 ({Much less strong is} 18. Bxd5 $6 Re5 19. Qf7 Qxf7 20. Bxf7 Bh3 $16) 18... Qxd5 19. Bxd5 Re5 20. Bf3 Bh3 21. Rd1 ({Less strong is} 21. Bxb7 Bxf1 22. Kxf1 (22. Bxa8 Re1 $16) 22... Rd8 $18) 21... Rd8 22. Be3 ({But not} 22. Bxb7 Bg4 $18) 22... Re6 23. d4 Rb6 24. Rd2 cxd4 25. Bxd4 Bc5 {[%emt 0:01:21] [#]} (25... a5 $142 26. Rad1 Rbd6 27. Bxb7 Kg7) 26. Bxf6+ $1 {[%emt 0:05:40][%mdl 512] White is clearly winning.} Rxf6 27. Rxd8+ Kg7 28. Rd5 Bb6 29. a5 {[%emt 0:00:09] Weighted Error Value: White=0.12 (very precise) /Black=0.44} 1-0

[Event "GER-ch Youth-U18 2022"]
[Site "Willingen"]
[Date "2022.06.10"]
[Round "8.10"]
[White "Hinrichs, Paul"]
[Black "Orf, Niklas"]
[Result "1-0"]
[ECO "B07"]
[WhiteElo "2244"]
[BlackElo "1797"]
[Annotator "TA"]
[PlyCount "107"]
[EventDate "2022.06.05"]
[EventType "swiss"]
[EventRounds "9"]
[EventCountry "GER"]
[SourceTitle "playchess.com"]
[Source "ChessBase"]
[SourceQuality "1"]
[TimeControl "40/4500+30:900+30"]

1. e4 d6 2. d4 Nf6 3. Nc3 Nbd7 4. f4 e5 5. Nf3 exd4 6. Qxd4 c6 $1 7. Bd2 {[%emt 0:00:00] is cutting edge theory. B07: Pirc Defence: Miscellaneous Systems.} d5 8. O-O-O Bc5 9. Qd3 {[%emt 0:00:00][%cal Re4d5] White is slightly better.} O-O 10. exd5 Qc7 11. Ng5 Bd6 12. dxc6 {[%emt 0:16:59] White is more active.} bxc6 {[%emt 0:00:00] [#]} 13. g3 $146 (13. Qf3 $1 $16) ({Predecessor:} 13. Qf3 Rb8 14. Nge4 Be7 15. Bc4 Qb6 16. b3 Nxe4 17. Nxe4 Nf6 18. Rhe1 Bf5 19. Bd3 {1-0 (30) Volodarsky,Y (2379)-Burmeister,F (2225) ICCF email 2018}) 13... Rb8 14. Nce4 Nxe4 (14... Be7 $16 {was necessary.}) 15. Nxe4 $18 (15. Qxe4 Nf6 16. Qa4 (16. Qd4 c5 $15) 16... Nd5 $14) 15... Be7 16. Bc3 Rd8 17. Bg2 ({Don't play} 17. Qd4 $6 Nf6 18. Qe5 (18. Nxf6+ Bxf6 19. Qc5 Rxd1+ 20. Kxd1 Bxc3 $16) 18... Rxd1+ 19. Kxd1 Qxe5 20. Bxe5 Bg4+ 21. Kc1 Rd8 $16) 17... c5 18. Rhe1 $40 {[%emt 0:03:10][%mdl 128] White goes for the king.} Bb7 19. Ng5 Nf8 {[%emt 0:08:21] [#]} 20. Qf5 Bxg5 21. Qxg5 Ne6 (21... Rxd1+ 22. Rxd1 Ne6) 22. Rxd8+ Rxd8 {[%emt 0:04:29] [#]} 23. Rxe6 fxe6 24. Bxb7 {[%emt 0:00:05][%cal Oc3g7] Hoping for Bxg7! A strong pair of Bishops.} h6 25. Qh4 c4 {[%emt 0:02:13] [#]} 26. Bf3 $2 (26. f5 $1 $18 {[%cal Rf5e6] and the rest is easy.}) 26... Qb6 $16 {[%emt 0:02:23] ( -> ...Qg1+)} 27. b3 cxb3 28. axb3 {[%emt 0:00:08] Threatens to win with Qe7.} Qe3+ 29. Kb2 $1 ({Much worse is} 29. Kb1 $6 Rc8 30. Bb2 (30. Bxg7 Qxf3 31. Qxh6 Qd1+ 32. Ka2 Rxc2+ 33. Bb2 Rxb2+ 34. Kxb2 Qd2+ 35. Kb1 Qd1+ 36. Ka2 Qd2+ 37. Kb1 Qd1+ 38. Kb2 Qd2+ 39. Ka1 Qd1+ 40. Kb2 $11) 30... Qxf3 $11) 29... Rc8 {[%emt 0:00:43] [#]} 30. Bc6 $1 Rxc6 {[%emt 0:01:52][%mdl 4096] Endgame KQR-KQB} 31. Qd8+ Kh7 {[%emt 0:00:04] [#]} 32. Bxg7 Rxc2+ 33. Kxc2 {[%emt 0:00:06] Chess con chili.} Kxg7 {[%emt 0:00:04] KQ-KQ} 34. Qd3 Qf2+ 35. Qd2 Qb6 36. Qc3+ Kg6 37. Qf3 Qc5+ 38. Kd2 Qb4+ 39. Ke2 Qa3 40. Qe4+ Kf6 41. Qc2 Qa1 {[%emt 0:00:00] [#]} (41... h5 $16 {was called for.} 42. Qc3+ Kf7) 42. Kf3 $1 $18 {[%emt 0:00:00] Black must now prevent Kg4.} Qd4 43. Kg4 {[%emt 0:00:00] And now Kh5 would win.} Qd5 (43... Kg7 {might work better.} 44. Qe2 Qd7 45. Qe5+ Kg6 46. Qe4+ Kg7) 44. b4 (44. Qh7 $142 h5+ 45. Qxh5 Qd1+ 46. Kh4 Qxb3 47. Qh6+ Kf7 48. Qh7+ Ke8 49. Qxa7) 44... Qh1 $2 (44... Kg7 45. Qc7+ Kg6) 45. Kh5 Qf3+ (45... e5 $142 46. Kxh6 exf4 47. gxf4 Ke6 48. Qc8+ Kd6 49. Qb8+ Ke7 50. Qc7+ Kf6 51. Qd6+ Kf7) 46. Kxh6 {[%emt 0:00:00] Qc5 would kill now.} Qg4 47. Qc3+ Kf7 48. Qc7+ Kf8 49. Qb8+ Kf7 50. Qxa7+ Kf6 51. Qd4+ {[%emt 0:00:00] White mates.} Kf7 52. Qd7+ Kf6 53. Qd8+ Kf7 54. Qg5 {[%emt 0:00:00] Weighted Error Value: White=0.19 (very precise) /Black=0.64} 1-0

[Event "GER-ch Youth-U18 2022"]
[Site "Willingen"]
[Date "2022.06.10"]
[Round "8.11"]
[White "Bornholdt, Joa Max"]
[Black "Kallweit, Paul"]
[Result "1-0"]
[ECO "A06"]
[WhiteElo "2155"]
[BlackElo "1863"]
[Annotator "TA"]
[PlyCount "59"]
[EventDate "2022.06.05"]
[EventType "swiss"]
[EventRounds "9"]
[EventCountry "GER"]
[SourceTitle "playchess.com"]
[Source "ChessBase"]
[SourceQuality "1"]
[TimeControl "40/4500+30:900+30"]

1. Nf3 d5 2. c4 c6 3. d4 Nf6 4. Qc2 g6 5. Bf4 Bg7 6. e3 O-O 7. Nc3 Bf5 8. Qb3 Qb6 9. c5 Qxb3 10. axb3 Nbd7 11. h3 Ne4 {[%emt 0:11:26] D93: Grünfeld: 4 Nf3 Bg7 5 Bf4 0-0 6 e3.} 12. g4 Nxc3 13. bxc3 (13. gxf5 {seems wilder.} Ne4 14. Rg1 Kh8 15. fxg6 e5 16. dxe5 fxg6 17. b4) 13... Be4 {[%emt 0:02:16] [#] Black has an edge.} 14. Bg2 $146 ({Predecessor:} 14. Be2 e5 15. Bg3 exd4 16. exd4 f5 17. g5 f4 18. Bh2 Nxc5 19. O-O Nxb3 20. Ra3 Bxf3 21. Bxf3 {0-1 (32) Navarro Lopez Menchero,D (2301)-Jogstad,M (2267) Chess.com INT 2019}) 14... a6 15. O-O (15. Rg1 {with more complications.} Nxc5 16. dxc5 Bxc3+ 17. Ke2) 15... Rae8 (15... f5 $5 ) 16. Bc7 Rc8 17. Bg3 Rce8 18. Ra4 Bd3 {[%emt 0:09:02] [#]} (18... Ra8 $14) 19. Rc1 $1 $16 e5 20. Ne1 (20. Nxe5 $16 Bxe5 21. Bxe5) 20... Bb5 $14 21. Ra2 $36 {[%emt 0:06:17][%mdl 2048] White fights for an advantage.} exd4 22. c4 dxe3 23. cxb5 exf2+ (23... axb5 $14 24. b4 Bd4) 24. Kxf2 ({Much worse is} 24. Rxf2 $6 Bd4 $11) (24. Bxf2 $16 {Black must now prevent bxc6.} axb5 25. Ra7) 24... Bd4+ 25. Kf1 {[%emt 0:00:05] [#] And now bxc6 would win.} Nxc5 $2 {[%emt 0:00:28][%mdl 8192] Black cannot hold the game after this.} (25... axb5 $14 26. Bd6 Ra8) 26. Bd6 {[%emt 0:02:14] Hoping for bxc6.} Rxe1+ $2 (26... Nxb3 {was necessary.} 27. Rb1 Re3 28. bxa6 bxa6 29. Bxf8 Kxf8) 27. Rxe1 $18 axb5 28. Bxf8 Kxf8 29. Ra7 Ne4 $2 (29... Kg7 30. Re8 b4) 30. Ra8+ {[%emt 0:00:06] Weighted Error Value: White=0.26 (precise) /Black=0.53} 1-0

[Event "GER-ch Youth-U18 2022"]
[Site "Willingen"]
[Date "2022.06.10"]
[Round "8.12"]
[White "Chen, Qingzhi Alexander"]
[Black "Mankel, Luca"]
[Result "1/2-1/2"]
[ECO "B15"]
[WhiteElo "1879"]
[BlackElo "2010"]
[Annotator "TA"]
[PlyCount "76"]
[EventDate "2022.06.05"]
[EventType "swiss"]
[EventRounds "9"]
[EventCountry "GER"]
[SourceTitle "playchess.com"]
[Source "ChessBase"]
[SourceQuality "1"]
[TimeControl "40/4500+30:900+30"]

1. e4 c6 2. d4 d5 3. Nc3 dxe4 4. Nxe4 Nf6 5. Nxf6+ exf6 6. c3 Bd6 7. Bd3 O-O 8. Ne2 Re8 9. Qc2 {[%emt 0:00:00] B15: Caro-Kann: 3 Nc3: 3...g6 and 3...dxe4 4 Nxe4 Nf6 5 Nxf6+ exf6.} h5 10. Be3 Nd7 11. O-O-O {[%emt 0:00:00] White has an edge.} b5 12. Ng3 {[%emt 0:00:00] [#]} (12. d5 $5) 12... a5 $146 (12... Nb6 $14) ({Predecessor:} 12... Nb6 13. Nxh5 Bg4 14. Be2 Qd7 15. h3 Bf5 16. Bd3 Bxd3 17. Qxd3 Qe6 18. Kb1 Qd5 {0-1 (29) Hess,R (2591)-Van Foreest,J (2701) Chess.com INT 2021}) 13. d5 $16 c5 ({Black should play} 13... Nf8) 14. Bxb5 Ba6 15. Bxa6 (15. Nf5 $142 Bf8 16. Bc6) 15... Rxa6 16. Ne4 Bf8 (16... c4 $142) 17. c4 {[%emt 0:01:08] 0x0.0022fa8fed79dp-1022s more active pieces.} a4 18. Nc3 a3 {[%emt 0:00:11] [#]} (18... Ne5 $16 19. Rde1 (19. Nxa4 Ng4 $16) 19... Qd7) 19. b3 $1 $18 Rxe3 (19... Ra8 {keeps fighting.} 20. Nb5 g6) 20. fxe3 g6 21. e4 Bh6+ 22. Kb1 Ne5 23. h3 Qa5 24. d6 Nc6 25. Nd5 Nd4 {[%emt 0:01:35] [#]} 26. Rxd4 cxd4 27. c5 {[%emt 0:01:48] Black must now prevent c6.} Kg7 28. Rd1 f5 29. exf5 {[%emt 0:03:25] Hoping for Qe4.} Rxd6 30. Rxd4 $2 (30. Qe4 Rxd5 31. Qxd5) 30... Rd8 (30... Rxd5 $142 31. Rxd5 Qe1+ 32. Rd1 Qe5 33. fxg6 fxg6) 31. fxg6 $2 (31. Qe2 {Threatening mate with Qe5+.} Bg5 32. Qe5+ Kh6 33. h4 Bxh4 34. Rxh4 Rxd5 35. Qxd5 Qe1+ 36. Kc2 Qxh4 37. c6) 31... Qe1+ 32. Rd1 Qe5 (32... Qe6 $142) 33. c6 $2 Rxd5 $11 {[%emt 0:01:42] The position is equal.} 34. Rxd5 {[%emt 0:05:30] Chess con chili.} Qxd5 35. c7 Qe5 {[%emt 0:00:14] ( -> ...Qe1+)} 36. c8=Q Qe1+ 37. Qc1 $1 Bxc1 38. Qxc1 Qe4+ {[%emt 0:00:12] Black defended with fortune.  Weighted Error Value: White=0.48/Black=0.44} 1/2-1/2

[Event "GER-ch Youth-U18 2022"]
[Site "Willingen"]
[Date "2022.06.10"]
[Round "8.13"]
[White "Wehrle, Maximilian"]
[Black "Rohde, Niclas"]
[Result "0-1"]
[ECO "A05"]
[WhiteElo "1786"]
[BlackElo "1730"]
[Annotator "NA RC COMBH"]
[PlyCount "78"]
[EventDate "2022.06.05"]
[EventType "swiss"]
[EventRounds "9"]
[EventCountry "GER"]
[SourceTitle "playchess.com"]
[Source "ChessBase"]
[SourceQuality "1"]
[TimeControl "40/4500+30:900+30"]

1. Nf3 Nf6 2. b3 g6 3. Bb2 Bg7 4. g3 O-O 5. Bg2 d6 6. O-O c5 7. d4 Nfd7 8. Qc1 Nc6 9. dxc5 Nxc5 10. Bxg7 Kxg7 11. b4 Ne6 12. c4 Kg8 13. a3 Bd7 14. Qd2 a5 15. b5 Na7 16. Nd4 Rc8 17. Nxe6 Bxe6 18. Qd4 Rc5 19. Nd2 Qb8 20. Rac1 Rfc8 21. Qh4 d5 22. Qxe7 Nxb5 23. Rb1 R8c7 24. Qf6 Nxa3 25. cxd5 Nxb1 26. Ne4 Rxd5 27. Qh4 Qd8 28. Nf6+ Kg7 29. e4 Qxf6 30. Qxf6+ Kxf6 31. exd5 Bf5 32. g4 Bc2 33. d6 Rd7 34. Rc1 Na3 35. Ra1 Nc4 36. Rc1 Bb3 37. Bd5 b5 38. Bc6 Rxd6 39. Kf1 Ke5 0-1